 Dungeon Crawl Stone Soup version 0.20-a0-926-g560771d (webtiles) character file.

766 Rrauwl the Skirmisher (level 7, -1/56 HPs)
             Began as a Barachi Warper on Mar 28, 2017.
             Slain by a centaur (9 damage)
             ... on level 6 of the Dungeon.
             The game lasted 00:30:12 (6768 turns).

Rrauwl the Skirmisher (Barachi Warper)              Turns: 6768, Time: 00:30:13

Health: -1/56      AC:  3    Str: 12 (13) XL:     7   Next: 82%
Magic:  11/11      EV: 19    Int: 13      God:
Gold:   200        SH:  0    Dex: 16 (18) Spells: 6/12 levels left

rFire    . . .     SeeInvis +   a - +0 falchion
rCold    . . .     Gourm    .   (no shield)
rNeg     . . .     Faith    .   b - +0 leather armour
rPois    .         Spirit   .   (no helmet)
rElec    .         Reflect  .   (no cloak)
rCorr    .         Harm     .   (no gloves)
MR       .....                  (no boots)
Stlth    ++........             (no amulet)
Regen    0.2/turn               p - ring of see invisible
MPRegen  0.2/turn               (no ring)

@: agile, very slightly contaminated, hasted, quick
A: +LOS, swims, slowness 1, strong legs 1
a: Hop


You were on level 6 of the Dungeon.
You were not hungry.

You visited 2 branches of the dungeon, and saw 7 of its levels.

You collected 200 gold pieces.

Inventory:

Hand Weapons
 a - a +0 falchion (weapon)
 q - a +0 hand crossbow
Missiles
 w - 88 arrows
Armour
 b - a +0 leather armour (worn)
Magical Staves
 l - an uncursed staff of cold
 o - an uncursed staff of fire
Jewellery
 p - a ring of see invisible (left hand)
Wands
 i - a wand of clouds (4/9)
 r - a wand of random effects (6/48)
 s - a wand of lightning (0/15)
Scrolls
 d - a scroll of blinking
 g - 2 scrolls of identify
 j - a scroll of fog
 m - a scroll of remove curse
 t - 2 scrolls of teleportation
 v - a scroll of magic mapping
Potions
 e - a potion of flight
 h - a potion of agility
 u - a potion of cancellation
Books
 c - a book of Spatial Translocations

   Spells                             Type                      Level
   a - Blink                          Translocation                2
   b - Shroud of Golubria             Charms/Translocation         2
   c - Lesser Beckoning               Translocation                3
   d - Gell's Gravitas                Translocation                3
   e - Teleport Other                 Translocation                3
   f - Passage of Golubria            Translocation                4
Comestibles
 f - 2 bread rations


   Skills:
 + Level 5.1 Fighting
 - Level 3.0 Long Blades
 + Level 3.4 Crossbows
 - Level 1.2 Throwing
 - Level 2.0 Armour
 + Level 4.8 Dodging
 - Level 3.0 Spellcasting
 - Level 4.0 Translocations
 - Level 3.3 Evocations


You had 6 spell levels left.
You knew the following spells:

 Your Spells              Type           Power        Failure   Level  Hunger
a - Blink                 Tloc           N/A          12%         2    ##.....
b - Passage of Golubria   Tloc           N/A          65%         4    #####..


Dungeon Overview and Level Annotations

Branches:
Dungeon (6/15)             Temple (1/1) D:4

Altars:
Ashenzari
Cheibriados
Dithmenos
Elyvilon
Fedhas
Gozag
Hepliaklqana
Kikubaaqudgha
Nemelex Xobeh
Okawaru
Qazlal
Ru
Sif Muna
Trog
Uskayaw
Vehumet
Wu Jian
Xom
Zin
The Shining One

Shops:
D:4 :


Innate Abilities, Weirdness & Mutations

Shadows flee at your approach. (+LOS)
You can swim through water.
You cover ground slowly.
You can hop short distances.


Message History

You hit the centaur but do no damage.
The centaur is lightly wounded.
The centaur barely misses you.
You riposte.
You hit the centaur but do no damage.
The centaur is lightly wounded.
You barely miss the centaur.
The centaur is lightly wounded.
The centaur hits you.
* * * LOW HITPOINT WARNING * * *
You hit the centaur.
The centaur is moderately wounded.
The centaur barely misses you. The centaur closely misses you.
You hit the centaur.
The centaur is moderately wounded.
The centaur hits you.
* * * LOW HITPOINT WARNING * * *
You hit the centaur.
The centaur is heavily wounded.
The centaur hits you!
You die...

#.......#.# ##.....#..#
##...##.# ### #
####...########..
#.#.##########.###.........
#.................).....#..
####.......###..######....#
####..####..## #.####
#.(..c@(..## #.#
#..(.##..##### ## #.#
.....####(###..... ..#
..(.. #.._........ ###
........#.#.......
...!...##......... .......
##......c. ..... ........
#... ........


You could see a centaur.

Vanquished Creatures
  2 phantoms
  A crimson imp (D:5)
  A quasit (D:6)
  An orc wizard (D:4)
  An orc priest (D:4)
  Jessica (D:3)
  3 iguanas
  A statue (D:5)
  2 worker ants (D:4)
  A hound skeleton (D:5)
  A worker ant zombie (D:5)
  3 gnolls (D:5)
  8 adders
  2 shadow imps
  4 oozes
  2 worms
  5 dart slugs
  4 leopard geckos
  18 orcs
  3 giant cockroaches
  10 goblins
  6 hobgoblins
  7 jackals
  2 quokkas
  12 bats
  4 frilled lizards
  6 kobolds
  A leopard gecko skeleton (D:4)
  A quokka skeleton (D:5)
  8 rats
121 creatures vanquished.

Vanquished Creatures (others)
  Ijyb (D:4)
1 creature vanquished.

Grand Total: 122 creatures vanquished

Notes
Turn   | Place    | Note
-------+----------+-------------------------------------------
     0 | D:1      | Rrauwl the Barachi Warper began the quest for the Orb.
     0 | D:1      | Reached XP level 1. HP: 17/17 MP: 3/3
    52 | D:1      | Reached XP level 2. HP: 13/23 MP: 5/5
   611 | D:1      | Reached XP level 3. HP: 28/28 MP: 6/6
  1184 | D:2      | Found a glowing silver altar of Zin.
  1231 | D:2      | Found a faded altar of an unknown god.
  1231 | D:2      | Found a faded altar of an unknown god.
  1247 | D:2      | Found a white marble altar of Elyvilon.
  1251 | D:2      | Found a shadowy altar of Dithmenos.
  1258 | D:2      | Found a glowing golden altar of the Shining One.
  1274 | D:2      | Learned a level 2 spell: Blink
  1367 | D:2      | Reached XP level 4. HP: 16/34 MP: 7/7
  1663 | D:2      | Reached skill level 3 in Fighting
  1801 | D:2      | Found a shimmering altar of Xom.
  2080 | D:2      | Learned a level 4 spell: Passage of Golubria
  2266 | D:3      | Reached skill level 1 in Crossbows
  2746 | D:3      | Reached XP level 5. HP: 41/41 MP: 8/8
  2891 | D:3      | Noticed Jessica
  2894 | D:3      | Killed Jessica
  3535 | D:4      | Reached XP level 6. HP: 48/48 MP: 10/10
  3572 | D:4      | Reached skill level 1 in Evocations
  3594 | D:4      | Found a deep blue altar of Sif Muna.
  3875 | D:4      | Noticed Ijyb
  3879 | D:4      | Killed Ijyb
  3906 | D:4      | Reached skill level 4 in Fighting
  4235 | D:4      | Found Bisojies's Book Shoppe.
  4416 | D:4      | Found a staircase to the Ecumenical Temple.
  4423 | Temple   | Entered the Ecumenical Temple
  4801 | D:4      | Noticed a phantom
  4809 | D:4      | Killed a phantom
  4809 | D:4      | Reached XP level 7. HP: 51/55 MP: 11/11
  4903 | D:5      | Entered Level 5 of the Dungeon
  4963 | D:5      | Found a shattered altar of Ashenzari.
  5201 | D:5      | Found a radiant altar of Vehumet.
  5400 | D:5      | Found a hide-covered altar of Uskayaw.
  5604 | D:5      | Found an iron altar of Okawaru.
  6105 | D:5      | Found a bloodstained altar of Trog.
  6429 | D:5      | Reached skill level 5 in Fighting
  6741 | D:6      | Found a hazy altar of Hepliaklqana.
  6768 | D:6      | Slain by a centaur

Vault maps used:
D:1:      erik_arrival_gehennom
D:2:      zin_statuary, xom_butterflies, chequers_temple_overflow_minitemple
D:3:      kennysheep_generic_room_4, uniq_jessica
D:4:      minmay_temple_entry_trees, serial_shops, nicolae_shop_stone, tgw_sif,
          uniq_iyjb
D:5:      vehumet_statue, lemuel_coloured_pillars_altar, lemuel_doored_altar,
          lemuel_round_altar, first_bread, okawaru_ov_weapons_minmay
D:6:      lemuel_crystal_altar, lemuel_crystal_altar,
          corexii_item_surrounded_by_moat
Temple:   nicolae_temple_figure_zero

Skill      XL: |  1  2  3  4  5  6  7 |
---------------+----------------------+-----
Armour         | 2 |  2.0
Dodging        | 3 4 |  4.8
Fighting       | 3 4 5 |  5.1
Long Blades    | 3 |  3.0
Crossbows      | 1 2 3 |  3.4
Translocations | 4 |  4.0
Spellcasting   | 3 |  3.0
Evocations     | 2 3 |  3.3
Throwing       | |  1.2

Action                   |  1- 3 |  4- 6 |  7- 9 || total
-------------------------+-------+-------+-------++-------
Melee: Falchion          |   112 |    49 |   169 ||   330
 Fire: Hand crossbow     |       |   164 |    66 ||   230
Throw: Tomahawk          |       |     5 |       ||     5
 Abil: Hop               |     1 |     2 |       ||     3
Evoke: Wand              |       |       |     8 ||     8
  Use: Potion            |     1 |    10 |     3 ||    14
       Scroll            |       |     7 |     3 ||    10
 Stab: Sleeping          |     1 |     1 |       ||     2
  Eat: Chunk             |     2 |    11 |     3 ||    16
       Fruit             |       |     1 |     1 ||     2
       Meat ration       |       |       |     1 ||     1
Armor: Leather armour    |    30 |    25 |    29 ||    84
       Skin              |       |     4 |       ||     4
Dodge: Dodged            |    67 |   119 |   150 ||   336
       Rpst.: Falchion   |    16 |    14 |    31 ||    61
